Description

Zerg vs All, this tries to be vs all races, it will work the least vs terran. Its not exactly meta but it's close. Roach ravager into lurkers

Replay - ZvX Roach Rav Lurker

Build Order

Get SALT Encoding   

  12  0:01   Drone  
  13  0:12   Overlord  
  13  0:16   Drone  
  14  0:31   Drone x2  
  16  0:49  Send drone to hatchery at 190 minerals 16 supply Hatchery  
  15  0:52  rally to gas, rally to pool location Drone x2  
  17  0:59  rally into gas Drone  
  18  1:10   Extractor  
  17  1:15   Spawning Pool  
  16  1:19  rally into gas, rally into gas Drone x2  
  18  1:28  rally behind third base mineral line Drone  
  20  1:54   Overlord  
  20  2:02   Queen x2  
  20  2:03   Zergling x4  
  27  2:23   Hatchery  
  27  2:32   Metabolic Boost  
  27  2:37   Overlord  
  27  2:45   Queen  
  37  3:18   Overlord  
  40  3:28   Queen  
  44  3:36   Lair  
  44  3:42   Queen  
  46  3:55   Extractor  
  45  3:59   Evolution Chamber  
  45  4:00   Roach Warren  
  47  4:04   Overlord  
  50  4:27   Queen  
  58  4:35   Zerg Missile Weapons Level 1  
  61  4:46   Roach x4  
  74  5:14   Glial Reconstitution  
  74  5:20   Roach x2  
  82  5:32   Extractor x2, Hatchery  
  80  5:40   Hatchery  
  91  5:50   Extractor x2  
  89  6:00   Roach x4  
  99  6:10  Optional, match up dependant Evolution Chamber, Baneling Nest  
  105  6:34   Ravager x4  
  126  6:52   Queen  
  134  7:08   Queen  
  134  7:13   Hydralisk Den, Zerg Missile Weapons Level 2  
  134  7:14   Zerg Ground Armor Level 1  
  135  7:25   Infestation Pit  
  150  7:33   Ravager x2  
  152  7:48   Extractor x2  
  156  8:01   Lurker Den  
  156  8:02   Hive  
  156  8:05   Hatchery, Spire  
  153  8:16   Hatchery  
  152  8:29   Muscular Augments  
  152  8:48   Hydralisk x10  
  182  9:05   Pneumatized Carapace  
  182  9:06   Overseer x3  
  182  9:09   Extractor  
  180  9:29   Adaptive Talons  
  180  9:31   Greater Spire  
  180  9:34   Zerg Missile Weapons Level 3  
  180  9:40   Grooved Spines  
  186  9:50   Zerg Ground Armor Level 2  
  186  9:59   Lurker x3  
  189  10:18   Lurker x5  
  193  10:26   Seismic Spines  
  191  11:00   Extractor  
  190  11:14   Lurker x2  
  199  11:24   Overseer x2  
Spawning Tool Build Advisor. Get it on Overwolf

Analysis

This build is focused more towards beginners and intermediate players. I see a need for a more meta focused build order that tries to stretch its web across all three matchups (ZvZ, ZvT, ZvP).
 You want to pull two off gas when you hit 60 gas. (ZvT back on gas at 3:30, ZvP back on gas with the next two larva rallied into geyser, ZvZ optional). This build also takes a second gas at two base saturation which is not exactly meta but I think its ok for low level. Normally you would wait until three base saturation.

At three base saturation 1. 4th base 2. all gasses 3. macro hatch In that order, immediately! This sets you up for later and gets your gas income really going. This is now the beginning of your power spike (66 workers 6 gasses, 3+ bases) This is when you can really start producing good amounts of army. I suggest you keep droning and get to at the least 80 drones and the most 88-90. That would be the peak of your power spike and when you can start producing anything you want. 50 drones by 5 minutes and 80 drones by 8 minutes is a good time frame. This build gets three creep queens. I suggest going up to 4 in ZvT, 2 at least in ZvP, and 2 in ZvZ. Don't tech into hydras too early, they suck without upgrades, and lurkers are too expensive to get early as well. Get your economy set up first. 4+ bases, all gasses, and 80+ drones, then you can think about lurkers. When you start hive start spire just in case (Always) @ hive lurker upgrades and greater spire. I get an ultra den in replay just for the hell of it. Its probably not a good idea as you haven't been getting melee upgrades. If you're higher level you can add vipers and wait to take gasses until three base saturation. I also get a bane nest in the replay, Its not necessary as you're using lurkers for AoE. But if you're vs a Terran bio composition it may become vital you add banes. You cannot expect to win vs Bio tank with roach ravager hydra. It just doesn't work. When lurkers come out its fine but until then its dangerous.

Go to:

Details

  • Created by: IIEleven11
  • Published on: Jul 07, 2020
  • Modified on: Jul 07, 2020
  • Patch: 4.11.0
  • Difficulty: Medium
Show
View Real Time Build Order
Export as new Build Order

Comments (1)

On June 2, 2021, 1:50 a.m., Diabollus  said:

good build!

Create an account to comment!